 Dungeon Crawl Stone Soup version 0.20-a0-269-g17f5411 (webtiles) character file.

681 Faca the Shield-Bearer (level 7, 0/55 HPs)
             Began as a Formicid Fighter on Dec 8, 2016.
             Was a Believer of Okawaru.
             Slain by an iguana (2 damage)
             ... on level 4 of the Dungeon.
             The game lasted 00:16:27 (3162 turns).

Faca the Shield-Bearer (Formicid Fighter)           Turns: 3162, Time: 00:16:28

Health: 0/55       AC: 12    Str: 21    XL:     7   Next: 92%
Magic:  7/7        EV:  5    Int:  7    God:    Okawaru [**....]
Gold:   238        SH: 11    Dex: 12    Spells: 6/6 levels left

rFire  . . .     SeeInvis +     a - +1 war axe
rCold  + . .     Gourm    .     i - +0 plate armour
rNeg   . . .     Faith    .     c - +1 shield
rPois  .         Spirit   .     (helmet unavailable)
rElec  .         Reflect  .     (no cloak)
rCorr  .         Harm     .     (no gloves)
MR     .....                    (no boots)
Stlth  ..........               (no amulet)
                                k - ring of protection from fire
                                s - ring of ice

@: no status effects
A: permanent stasis, dig shafts and tunnels, four strong arms, antennae 3
a: Dig, Shaft Self, Heroism, Renounce Religion


You were on level 4 of the Dungeon.
You worshipped Okawaru.
Okawaru was pleased with you.
You were not hungry.

You visited 1 branch of the dungeon, and saw 4 of its levels.
You also visited: Sewer.

You collected 238 gold pieces.

Inventory:

Hand Weapons
 a - a +1 war axe (weapon)
Armour
 c - a +1 shield (worn)
 i - a +0 plate armour (worn)
Rods
 m - a +5 rod of shadows (12/12)
   (You found it in a sewer)
Jewellery
 k - a ring of protection from fire (right hand)
 s - a ring of ice (left hand)
Scrolls
 n - a scroll of remove curse
Potions
 b - a potion of curing
 d - a potion of might
 e - a potion of brilliance {unknown}
 g - a potion of invisibility {unknown}
 h - 2 potions of agility
 j - a potion of haste {unknown}
 l - a potion of degeneration {unknown}
 q - a potion of magic {unknown}
Comestibles
 f - 3 bread rations
 o - a beef jerky
 p - 2 royal jellies
 r - 3 meat rations


   Skills:
 + Level 4.4 Fighting
 + Level 5.6 Axes
 + Level 5.0 Armour
 + Level 0.3 Dodging
 + Level 6.0 Shields


You had 6 spell levels left.
You didn't know any spells.

Dungeon Overview and Level Annotations

Branches:
Dungeon (4/15)
 Temple: D:4-7

Altars:
Fedhas
Kikubaaqudgha
Okawaru
Ru
Xom
Yredelemnul


Innate Abilities, Weirdness & Mutations

You cannot be hasted, slowed, berserked, paralysed or teleported.
You can dig through walls and to a lower floor.
Your four strong arms can wield two-handed weapons with a shield.
You have a pair of large antennae on your head. (SInv)


Message History

The iguana is moderately wounded.
You block the iguana's attack. x2
Your plate armour prevents you from hitting the iguana.
The iguana is moderately wounded.
You block the iguana's attack.
You closely miss the iguana.
The iguana is moderately wounded.
You block the iguana's attack.
You hit the iguana.
The iguana is heavily wounded.
The iguana bites you.
* * * LOW HITPOINT WARNING * * *
You closely miss the iguana.
The iguana is moderately wounded.
You block the iguana's attack. The iguana bites you!
* * * LOW HITPOINT WARNING * * *
You slash the iguana!
The iguana is almost dead.
The iguana bites you.
You die...

#.....##....#
#...........#
#...........# .
#...........#
...###'####....#
...........######
...........#
...........#
........)@.#
........l..#
....######## ....
..


You could see an iguana.

Vanquished Creatures
  The ghost of Jarlath the Carver, an amateur HESk of Dithmenos (D:4)
  Menkaure (D:4)
  An ogre (D:4)
  A bullfrog (Sewer)
  A hound (D:4)
  4 gnolls (D:4)
  6 adders
  2 oozes (D:4)
  5 worms
  A dart slug (D:2)
  5 leopard geckos
  5 orcs (D:3)
  7 bats
  7 giant cockroaches
  2 gnoll zombies (D:4)
  7 goblins
  6 hobgoblins
  9 kobolds
  A quokka (D:3)
  4 ball pythons
  11 frilled lizards
  A jackal skeleton (D:4)
  8 rats
96 creatures vanquished.

Notes
Turn   | Place    | Note
-------+----------+-------------------------------------------
     0 | D:1      | Faca the Formicid Fighter began the quest for the Orb.
     0 | D:1      | Reached XP level 1. HP: 18/18 MP: 1/1
   107 | D:1      | Reached XP level 2. HP: 18/24 MP: 2/2
   450 | D:1      | Reached skill level 4 in Shields
   626 | D:1      | Reached XP level 3. HP: 28/29 MP: 3/3
  1241 | D:2      | Found an iron altar of Okawaru.
  1247 | D:2      | Became a worshipper of Warmaster Okawaru
  1427 | D:2      | Reached XP level 4. HP: 35/35 MP: 4/4
  1435 | D:2      | Found a sacrificial altar of Ru.
  1487 | D:3      | Found an ancient bone altar of Kikubaaqudgha.
  1663 | D:3      | Reached XP level 5. HP: 34/41 MP: 5/5
  1782 | D:3      | Found a glowing drain.
  1790 | Sewer    | Entered a sewer
  2196 | Sewer    | Noticed a bullfrog
  2210 | Sewer    | Killed a bullfrog
  2210 | Sewer    | Reached skill level 5 in Shields
  2210 | Sewer    | Reached XP level 6. HP: 30/48 MP: 6/6
  2216 | Sewer    | Identified a +5 rod of shadows (12/12) (You found it in a sewer)
  2507 | D:3      | Found a shimmering altar of Xom.
  2509 | D:3      | Found a glowing silver altar of Zin.
  2509 | D:3      | Found a white marble altar of Elyvilon.
  2524 | D:3      | Found a glowing golden altar of the Shining One.
  2524 | D:3      | Found an ancient bone altar of Kikubaaqudgha.
  2524 | D:3      | Found a bloodstained altar of Trog.
  2736 | D:4      | Noticed Menkaure
  2742 | D:4      | Killed Menkaure
  2742 | D:4      | Reached * piety under Okawaru
  2742 | D:4      | Reached XP level 7. HP: 40/54 MP: 7/7
  2753 | D:4      | Noticed Jarlath's ghost (amateur HESk)
  2766 | D:4      | Killed Jarlath's ghost
  2766 | D:4      | Reached skill level 5 in Axes
  3090 | D:4      | Found a basalt altar of Yredelemnul.
  3110 | D:4      | Found a blossoming altar of Fedhas.
  3152 | D:4      | Reached ** piety under Okawaru
  3152 | D:4      | Reached skill level 5 in Armour
  3152 | D:4      | Reached skill level 6 in Shields
  3161 | D:4      | HP: 2/55 [iguana (10)]
  3162 | D:4      | Slain by an iguana

Vault maps used:
D:1:      dpeg_arrival_three_smaller_balls
D:2:      nicolae_ru_path_of_blood, first_bread, okawaru_trees_2
D:3:      doesnt_xom_only_xom, lemuel_round_altar, lightli_sewer_entry_pipes,
          minmay_misc_feat_enclosed
D:4:      lemuel_zombie_altar_yredelemnul, lemuel_crystal_altar,
          overflow_temple_1_default, uniq_menkaure
Sewer:    sewer_frog_island_01

Skill      XL: |  1  2  3  4  5  6  7 |
---------------+----------------------+-----
Shields        | 4 5 6 |  6.0
Axes           | 3 4 5 |  5.6
Armour         | 4 5 |  5.0
Fighting       | 4 |  4.4
Dodging        | |  0.3

Action                   |  1- 3 |  4- 6 |  7- 9 || total
-------------------------+-------+-------+-------++-------
Melee: War axe           |   121 |   251 |    46 ||   418
  Use: Scroll            |     6 |     4 |     1 ||    11
       Potion            |       |     1 |       ||     1
  Eat: Bread ration      |     1 |     1 |       ||     2
Armor: Scale mail        |    11 |       |       ||    11
       Chain mail        |    35 |       |       ||    35
       Plate armour      |    23 |   142 |    20 ||   185
Dodge: Dodged            |    26 |    31 |     9 ||    66
Block: Shield            |    86 |   154 |    23 ||   263
